 Dungeon Crawl Stone Soup version 0.21.1-1-g345015f (webtiles) character file.

9714 tidbits the Martial Artist (level 11, -10/83 HPs)
             Began as a Gnoll Transmuter on Feb 14, 2018.
             Was an Elder of Cheibriados.
             Mangled by a slime creature (14 damage)
             ... on level 12 of the Dungeon.
             The game lasted 00:42:49 (2841 turns).

tidbits the Martial Artist (Gnoll Transmuter)       Turns: 2841, Time: 00:42:50

Health: -10/83     AC:  4    Str: 22    XL:     11   Next: 50%
Magic:  11/23      EV: 20    Int: 27    God:    Cheibriados [****..]
Gold:   86         SH:  0    Dex: 25    Spells: 9/26 levels left

rFire    + . .     SeeInvis .   H - +4 scimitar (freeze) (curse)
rCold    + . .     Gourm    +   (no shield)
rNeg     . . .     Faith    .   B - +1 robe {rC+}
rPois    .         Spirit   .   (no helmet)
rElec    .         Reflect  .   (no cloak)
rCorr    .         Harm     .   (no gloves)
MR       +....                  F - +0 pair of boots
Stlth    ++++......             D - amulet of the gourmand
HPRegen  0.23/turn              w - ring of protection from magic
MPRegen  0.18/turn              h - ring of protection from fire

@: very slightly contaminated, very slow
A: distributed training, fangs 1, strong nose
a: Bend Time, Temporal Distortion, Slouch, Renounce Religion


You were on level 12 of the Dungeon.
You worshipped Cheibriados.
Cheibriados was greatly pleased with you.
You were not hungry.

You visited 2 branches of the dungeon, and saw 14 of its levels.

You collected 359 gold pieces.
You spent 273 gold pieces at shops.

Inventory:

Hand Weapons
 a - a +2 dagger of venom
   (You took it off a kobold demonologist on level 10 of the Dungeon)
 e - a +1 vampiric halberd
   (You took it off an orc warrior on level 6 of the Dungeon)
 k - a +1 hand axe of electrocution
   (You took it off an orc on level 12 of the Dungeon)
 l - a +0 hunting sling
 s - the +9 spear "Zunu" {pierce, rElec Dex+2}
   (You found it on level 8 of the Dungeon)

   It inflicts extra damage upon your enemies.
   It affects your dexterity (+2).
   It insulates you from electricity.
 v - a +0 war axe
 y - a +0 blowgun
 H - a cursed +4 scimitar of freezing (weapon)
   (You took it off a wight on level 11 of the Dungeon)
 J - a +0 quarterstaff of freezing
   (You took it off Fannar on level 11 of the Dungeon)
Missiles
 m - 57 stones (quivered)
 A - 68 arrows
Armour
 B - a +1 robe of cold resistance (worn)
   (You took it off Fannar on level 11 of the Dungeon)
 F - a +0 pair of boots (worn)
Magical Staves
 b - an uncursed staff of earth {unknown}
   (You found it on level 6 of the Dungeon)
 E - an uncursed staff of fire {unknown}
   (You found it on level 10 of the Dungeon)
Jewellery
 f - an uncursed ring of protection from magic
   (You found it on level 6 of the Dungeon)
 h - a ring of protection from fire (right hand)
   (You found it on level 8 of the Dungeon)
 w - a ring of protection from magic (left hand)
   (You found it on level 3 of the Dungeon)
 D - an amulet of the gourmand (around neck)
   (You found it on level 10 of the Dungeon)
 L - an uncursed ring of ice
   (You took it off Fannar on level 11 of the Dungeon)
Wands
 p - a wand of paralysis (5)
 C - a wand of scattershot (2)
Scrolls
 i - 2 scrolls of identify
 q - a scroll of amnesia
 r - a scroll of remove curse
 u - a scroll of fog
 x - 2 scrolls of immolation
 I - a scroll of noise
Potions
 g - 2 potions of brilliance
 t - 2 potions of curing
 G - a potion of magic
Books
 d - a book of Changes

   Spells                             Type                      Level
   a - Beastly Appendage              Transmutation                1
   b - Sticks to Snakes               Transmutation                2
   c - Spider Form                    Transmutation/Poison         3
   d - Ice Form                       Ice/Transmutation            4
   e - Blade Hands                    Transmutation                5
Comestibles
 c - 18 rations


   Skills:
 + Level 6.8 Fighting
 + Level 6.2 Short Blades
 + Level 6.2 Long Blades
 + Level 6.2 Axes
 + Level 6.2 Maces & Flails
 + Level 6.2 Polearms
 + Level 6.2 Staves
 + Level 6.2 Slings
 + Level 6.2 Bows
 + Level 6.2 Crossbows
 + Level 6.2 Throwing
 + Level 6.2 Armour
 + Level 7.8 Dodging
 + Level 6.2 Stealth
 + Level 6.2 Shields
 + Level 9.1 Unarmed Combat
 + Level 8.1 Spellcasting
 + Level 5.1 Conjurations
 + Level 5.1 Hexes
 + Level 5.1 Charms
 + Level 5.1 Summonings
 + Level 5.1 Necromancy
 + Level 5.1 Translocations
 + Level 6.5 Transmutations
 + Level 5.1 Fire Magic
 + Level 5.1 Ice Magic
 + Level 5.1 Air Magic
 + Level 5.1 Earth Magic
 + Level 5.1 Poison Magic
 + Level 6.8 Invocations
 + Level 6.2 Evocations


You had 9 spell levels left.
You knew the following spells:

 Your Spells              Type           Power        Failure   Level  Hunger
e - Beastly Appendage     Tmut           #####.       1%          1    None
h - Blade Hands           Tmut           #####.....   10%         5    ####...
i - Ice Form              Ice/Tmut       #####...     4%          4    ##.....
k - Sticks to Snakes      Tmut           #####...     1%          2    None
n - Animate Skeleton      Necr           N/A          1%          1    None
p - Spider Form           Tmut/Pois      #####.....   1%          3    None
A - Apportation           Tloc           #####.       1%          1    None


Dungeon Overview and Level Annotations

Branches:
Dungeon (13/15)            Temple (1/1) D:6            Lair (0/6) D:8
    Orc (0/2) D:12         Vaults (0/5) D:13

Altars:
Ashenzari
Cheibriados
Dithmenos
Elyvilon
Fedhas
Hepliaklqana
Kikubaaqudgha
Nemelex Xobeh
Okawaru
Trog
Uskayaw
Vehumet
Wu Jian
Xom
Yredelemnul
The Shining One

Shops:
D:6 }   D:11 !

Annotations:
D:13 Rupert


Innate Abilities, Weirdness & Mutations

Your experience applies equally to all skills.
You have very sharp teeth.
Your uncanny sense of smell can sniff out nearby items.


Message History

You flicker for a moment.
Your adder bites the slime creature.
The slime creature barely misses your adder.
The slime creature misses your adder.
Your adder bites the slime creature. x2
The slime creature hits your adder!
Your adder dies!
Your adder bites the slime creature.
The slime creature hits your adder!
Your adder dies!
The slime creature quivers. x3
The slime creature hits your adder!
Your adder dies!
You slice the slime creature!!
You kill the slime creature!
Cheibriados appreciates the change of pace.
You slash the slime creature!
The slime creature is lightly wounded.
Your adder bites the slime creature.
You slash the slime creature! You bite the slime creature.
The slime creature is heavily wounded.
Your transformation is almost over.
The slime creature looks more healthy.
Your adder completely misses the slime creature.
The slime creature hits you but does no damage.
You strike the helpless slime creature from behind!
You slash the slime creature!
The slime creature is severely wounded.
You flicker back into view.
Your adder bites the slime creature.
The orc warrior misses you. The slime creature hits you! x2
* * * LOW HITPOINT WARNING * * *
A hobgoblin comes into view. It is wielding a club.
Okay, then.
Unknown command.
Okay, then.
Unknown command.
You feel much better.
Your adder completely misses the slime creature.
Your adder bites the slime creature.
The slime creature completely misses you.
The slime creature closely misses you.
The orc warrior hits you from afar with a glaive!!
* * * LOW HITPOINT WARNING * * *
Your adder bites the slime creature but does no damage.
The slime creature misses your adder. The slime creature hits your adder.
Your adder barely misses the slime creature.
The slime creature misses your adder.
You slice the hobgoblin!!
You kill the hobgoblin!
Cheibriados appreciates the change of pace.
The slime creature hits your adder!
Your adder dies!
Okay, then.
The slime creature quivers.
The orc warrior misses you.
Evoke which item? (* to show all) (? for menu, Esc to quit)
Okay, then.
Unknown command.
Your hands revert to their normal proportions.
Your cursed +4 scimitar of freezing unmelds from your body.
Your cursed +4 scimitar of freezing glows with a cold blue light!
The slime creature hits you!
* * * LOW HITPOINT WARNING * * *
The slime creature completely misses you.
Okay, then.
Unknown command.
You feel much better.
The slime creature hits you but does no damage.
The orc warrior misses you. The slime creature misses you.
The flow of time bends around you.
Cheibriados rebukes the slime creature.
The slime creature seems to slow down.
Cheibriados rebukes the slime creature.
The slime creature seems to slow down.
Cheibriados rebukes the slime creature.
The slime creature seems to slow down.
You feel slightly more hungry. The slime creature misses you.
The orc warrior misses you.
A kobold comes into view. It is wielding a short sword.
The slime creature hits you!
* * * LOW HITPOINT WARNING * * *
Okay, then.
Okay, then.
Unknown command.
Evoke which item? (* to show all) (? for menu, Esc to quit)
Okay, then.
Okay, then.
You fail to use your ability.
The slime creature quivers.
The orc warrior misses you.
The slime creature completely misses you.
You riposte.
You hit the slime creature. You freeze the slime creature.
The slime creature is lightly wounded.
Two slime creatures merge to form a large slime creature.
The slime creature hits you!!
* * * LOW HITPOINT WARNING * * *
Unknown command.
You can feel time thicken for a moment.
You feel somewhat more hungry.
Cheibriados lowers the support of your attributes as your movement quickens.
The large slime creature is no longer moving slowly.
The slime creature hits you!
You die...

>..W.......##..# ##...)...
...............# #........
...........)..)# #........
##........##...#####........
....o......##................
...........))..#######......
......##..J.o..# ##...##
##....##..JJJ..# #####
.........@...#
............########
#.#.###!..#......(.......#
#......).......#########.#
#######(######.# #.# #W# #.#
#<# # ##J## #.# #.# ####
#...# ##.#.########†###...
###...###.###...............


You could see a large slime creature, 3 slime creatures and an orc warrior.

Vanquished Creatures
  Fannar (D:11)
  An unseen horror (D:12)
  A cyclops (D:11)
  2 ugly things
  A centaur zombie (D:12)
  Psyche (D:10)
  A centaur skeleton (D:11)
  A kobold demonologist (D:10)
  A komodo dragon (D:11)
  A troll (D:12)
  A slime creature (D:12)
  2 hippogriffs (D:12)
  6 yaks
  2 humans
  A hog (D:10)
  A hungry ghost (D:11)
  The ghost of ximkin the Ruffian, an amateur DrTm (D:4)
  3 vampire mosquitoes (D:12)
  A soldier ant (D:12)
  An ice beast (D:9)
  3 sky beasts
  2 necrophages
  5 orc warriors
  3 phantoms
  5 ogres
  A centaur (D:10)
  3 big kobolds
  3 bullfrogs
  10 wights
  A crimson imp (D:8)
  2 bullfrog zombies
  2 jellies (D:12)
  A quasit (D:8)
  2 hounds (D:12)
  3 orc priests
  2 iguanas
  5 orc wizards
  4 worker ants
  3 gnolls (D:6)
  8 adders
  An adder zombie (D:7)
  2 adder skeletons
  A worm (D:3)
  2 dart slugs
  2 leopard geckos (D:1)
  26 orcs
  A giant cockroach (D:3)
  2 goblins
  5 hobgoblins
  13 jackals
  21 kobolds
  A quokka (D:4)
  A bat (D:3)
  A quokka skeleton (D:4)
  2 rats (D:3)
179 creatures vanquished.

Vanquished Creatures (collateral kills)
  An ogre (D:8)
  A scorpion (D:4)
  A crimson imp (D:5)
  An orc wizard (D:12)
  4 orcs
  A hobgoblin (D:2)
  A kobold (D:12)
  A goblin (D:2)
11 creatures vanquished.

Grand Total: 190 creatures vanquished

Notes
Turn   | Place    | Note
-------+----------+-------------------------------------------
     0 | D:1      | tidbits the Gnoll Transmuter began the quest for the Orb.
     0 | D:1      | Reached XP level 1. HP: 17/17 MP: 6/6
    56 | D:1      | Reached XP level 2. HP: 19/23 MP: 5/7
    96 | D:1      | Learned a level 2 spell: Sticks to Snakes
   243 | D:3      | Reached skill level 5 in Spellcasting
   243 | D:3      | Reached XP level 3. HP: 28/28 MP: 5/9
   248 | D:3      | Learned a level 3 spell: Spider Form
   365 | D:3      | Found an iron altar of Okawaru.
   433 | D:4      | Reached skill level 1 in Invocations
   483 | D:5      | Entered Level 5 of the Dungeon
   493 | D:5      | Reached skill level 1 in Short Blades
   493 | D:5      | Reached skill level 1 in Long Blades
   493 | D:5      | Reached skill level 1 in Axes
   493 | D:5      | Reached skill level 1 in Maces & Flails
   493 | D:5      | Reached skill level 1 in Polearms
   493 | D:5      | Reached skill level 1 in Staves
   493 | D:5      | Reached skill level 1 in Slings
   493 | D:5      | Reached skill level 1 in Bows
   493 | D:5      | Reached skill level 1 in Crossbows
   493 | D:5      | Reached skill level 1 in Throwing
   493 | D:5      | Reached skill level 1 in Armour
   493 | D:5      | Reached skill level 1 in Stealth
   493 | D:5      | Reached skill level 1 in Shields
   493 | D:5      | Reached skill level 1 in Evocations
   493 | D:5      | Reached XP level 4. HP: 16/34 MP: 4/11
   544 | D:4      | Reached skill level 1 in Conjurations
   544 | D:4      | Reached skill level 1 in Hexes
   544 | D:4      | Reached skill level 1 in Charms
   544 | D:4      | Reached skill level 1 in Summonings
   544 | D:4      | Reached skill level 1 in Necromancy
   544 | D:4      | Reached skill level 1 in Translocations
   544 | D:4      | Reached skill level 1 in Fire Magic
   544 | D:4      | Reached skill level 1 in Ice Magic
   544 | D:4      | Reached skill level 1 in Air Magic
   544 | D:4      | Reached skill level 1 in Earth Magic
   544 | D:4      | Reached skill level 1 in Poison Magic
   621 | D:4      | Reached XP level 5. HP: 35/40 MP: 8/12
   725 | D:4      | Noticed an ogre
   734 | D:4      | Killed an ogre
   734 | D:4      | Reached skill level 3 in Fighting
   734 | D:4      | Reached skill level 4 in Transmutations
   772 | D:4      | Noticed a phantom
   798 | D:4      | Killed a phantom
   798 | D:4      | Reached skill level 2 in Invocations
   798 | D:4      | Reached XP level 6. HP: 44/47 MP: 10/14
   834 | D:4      | Noticed ximkin's ghost (amateur DrTm)
   842 | D:4      | Killed ximkin's ghost
   842 | D:4      | Reached skill level 2 in Short Blades
   842 | D:4      | Reached skill level 2 in Long Blades
   842 | D:4      | Reached skill level 2 in Axes
   842 | D:4      | Reached skill level 2 in Maces & Flails
   842 | D:4      | Reached skill level 2 in Polearms
   842 | D:4      | Reached skill level 2 in Staves
   842 | D:4      | Reached skill level 2 in Slings
   842 | D:4      | Reached skill level 2 in Bows
   842 | D:4      | Reached skill level 2 in Crossbows
   842 | D:4      | Reached skill level 2 in Throwing
   842 | D:4      | Reached skill level 2 in Armour
   842 | D:4      | Reached skill level 5 in Dodging
   842 | D:4      | Reached skill level 2 in Stealth
   842 | D:4      | Reached skill level 2 in Shields
   842 | D:4      | Reached skill level 2 in Evocations
   864 | D:4      | Reached XP level 7. HP: 52/52 MP: 5/15
   945 | D:3      | Found a bloodstained altar of Trog.
  1090 | D:5      | Reached skill level 7 in Unarmed Combat
  1094 | D:5      | Reached skill level 2 in Conjurations
  1094 | D:5      | Reached skill level 2 in Hexes
  1094 | D:5      | Reached skill level 2 in Charms
  1094 | D:5      | Reached skill level 2 in Summonings
  1094 | D:5      | Reached skill level 2 in Necromancy
  1094 | D:5      | Reached skill level 2 in Translocations
  1094 | D:5      | Reached skill level 2 in Fire Magic
  1094 | D:5      | Reached skill level 2 in Ice Magic
  1094 | D:5      | Reached skill level 2 in Air Magic
  1094 | D:5      | Reached skill level 2 in Earth Magic
  1094 | D:5      | Reached skill level 2 in Poison Magic
  1181 | D:6      | Found Zoseaty's Gadget Shoppe.
  1196 | D:6      | Reached skill level 3 in Invocations
  1205 | D:6      | Reached XP level 8. HP: 55/60 MP: 11/16
  1226 | D:6      | Reached skill level 4 in Fighting
  1226 | D:6      | Reached skill level 3 in Short Blades
  1226 | D:6      | Reached skill level 3 in Long Blades
  1226 | D:6      | Reached skill level 3 in Axes
  1226 | D:6      | Reached skill level 3 in Maces & Flails
  1226 | D:6      | Reached skill level 3 in Polearms
  1226 | D:6      | Reached skill level 3 in Staves
  1226 | D:6      | Reached skill level 3 in Slings
  1226 | D:6      | Reached skill level 3 in Bows
  1226 | D:6      | Reached skill level 3 in Crossbows
  1226 | D:6      | Reached skill level 3 in Throwing
  1226 | D:6      | Reached skill level 3 in Armour
  1226 | D:6      | Reached skill level 3 in Stealth
  1226 | D:6      | Reached skill level 3 in Shields
  1226 | D:6      | Reached skill level 3 in Evocations
  1244 | D:6      | Found a staircase to the Ecumenical Temple.
  1252 | Temple   | Entered the Ecumenical Temple
  1266 | Temple   | Became a worshipper of Cheibriados the Contemplative
  1325 | D:7      | Reached skill level 6 in Spellcasting
  1332 | D:7      | Learned a level 5 spell: Blade Hands
  1471 | D:7      | Reached * piety under Cheibriados
  1506 | D:8      | Got a jewelled spear
  1525 | D:8      | Found a staircase to the Lair.
  1658 | D:8      | Reached skill level 3 in Conjurations
  1658 | D:8      | Reached skill level 3 in Hexes
  1658 | D:8      | Reached skill level 3 in Charms
  1658 | D:8      | Reached skill level 3 in Summonings
  1658 | D:8      | Reached skill level 3 in Necromancy
  1658 | D:8      | Reached skill level 3 in Translocations
  1658 | D:8      | Reached skill level 3 in Fire Magic
  1658 | D:8      | Reached skill level 3 in Ice Magic
  1658 | D:8      | Reached skill level 3 in Air Magic
  1658 | D:8      | Reached skill level 3 in Earth Magic
  1658 | D:8      | Reached skill level 3 in Poison Magic
  1658 | D:8      | Reached skill level 4 in Invocations
  1719 | D:9      | Reached skill level 6 in Dodging
  1719 | D:9      | Reached XP level 9. HP: 66/66 MP: 6/18
  1740 | D:9      | Reached skill level 5 in Transmutations
  1759 | D:10     | Entered Level 10 of the Dungeon
  1839 | D:10     | Reached skill level 4 in Short Blades
  1839 | D:10     | Reached skill level 4 in Long Blades
  1839 | D:10     | Reached skill level 4 in Axes
  1839 | D:10     | Reached skill level 4 in Maces & Flails
  1839 | D:10     | Reached skill level 4 in Polearms
  1839 | D:10     | Reached skill level 4 in Staves
  1839 | D:10     | Reached skill level 4 in Slings
  1839 | D:10     | Reached skill level 4 in Bows
  1839 | D:10     | Reached skill level 4 in Crossbows
  1839 | D:10     | Reached skill level 4 in Throwing
  1839 | D:10     | Reached skill level 4 in Armour
  1839 | D:10     | Reached skill level 4 in Stealth
  1839 | D:10     | Reached skill level 4 in Shields
  1839 | D:10     | Reached skill level 4 in Evocations
  1851 | D:10     | Noticed Psyche
  1857 | D:10     | Noticed a kobold demonologist
  1860 | D:10     | Killed Psyche
  1865 | D:10     | Killed a kobold demonologist
  1865 | D:10     | Reached skill level 5 in Fighting
  1870 | D:10     | Reached skill level 8 in Unarmed Combat
  1880 | D:10     | Reached ** piety under Cheibriados
  1880 | D:10     | Reached skill level 5 in Invocations
  1888 | D:10     | Reached XP level 10. HP: 46/74 MP: 10/20
  1983 | D:12     | Reached skill level 7 in Spellcasting
  1995 | D:12     | Reached skill level 4 in Conjurations
  1995 | D:12     | Reached skill level 4 in Hexes
  1995 | D:12     | Reached skill level 4 in Charms
  1995 | D:12     | Reached skill level 4 in Summonings
  1995 | D:12     | Reached skill level 4 in Necromancy
  1995 | D:12     | Reached skill level 4 in Translocations
  1995 | D:12     | Reached skill level 4 in Fire Magic
  1995 | D:12     | Reached skill level 4 in Ice Magic
  1995 | D:12     | Reached skill level 4 in Air Magic
  1995 | D:12     | Reached skill level 4 in Earth Magic
  1995 | D:12     | Reached skill level 4 in Poison Magic
  2016 | D:12     | Reached skill level 5 in Short Blades
  2016 | D:12     | Reached skill level 5 in Long Blades
  2016 | D:12     | Reached skill level 5 in Axes
  2016 | D:12     | Reached skill level 5 in Maces & Flails
  2016 | D:12     | Reached skill level 5 in Polearms
  2016 | D:12     | Reached skill level 5 in Staves
  2016 | D:12     | Reached skill level 5 in Slings
  2016 | D:12     | Reached skill level 5 in Bows
  2016 | D:12     | Reached skill level 5 in Crossbows
  2016 | D:12     | Reached skill level 5 in Throwing
  2016 | D:12     | Reached skill level 5 in Armour
  2016 | D:12     | Reached skill level 5 in Stealth
  2016 | D:12     | Reached skill level 5 in Shields
  2016 | D:12     | Reached skill level 5 in Evocations
  2043 | D:12     | Noticed a brown ugly thing
  2047 | D:12     | Killed a brown ugly thing
  2061 | D:12     | Reached skill level 7 in Dodging
  2091 | D:12     | Found a staircase to the Orcish Mines.
  2177 | D:11     | Found Kocitenn's Distillery.
  2186 | D:11     | Noticed a cyclops
  2187 | D:11     | Noticed a red ugly thing
  2191 | D:11     | Reached *** piety under Cheibriados
  2224 | D:11     | Killed a red ugly thing
  2224 | D:11     | Reached skill level 6 in Fighting
  2243 | D:11     | Killed a cyclops
  2243 | D:11     | Reached skill level 6 in Transmutations
  2243 | D:11     | Reached skill level 6 in Invocations
  2272 | D:11     | Bought a potion of heal wounds for 65 gold pieces
  2272 | D:11     | Bought a potion of invisibility for 104 gold pieces
  2272 | D:11     | Bought a potion of magic for 104 gold pieces
  2404 | D:11     | Reached XP level 11. HP: 77/82 MP: 19/22
  2479 | D:10     | Noticed Fannar
  2487 | D:11     | Learned a level 4 spell: Ice Form
  2487 | D:11     | Identified the +9 spear "Zunu" {pierce, rElec Dex+2} (You found it on level 8 of the Dungeon)
  2502 | D:11     | Killed Fannar
  2502 | D:11     | Reached skill level 6 in Short Blades
  2502 | D:11     | Reached skill level 6 in Long Blades
  2502 | D:11     | Reached skill level 6 in Axes
  2502 | D:11     | Reached skill level 6 in Maces & Flails
  2502 | D:11     | Reached skill level 6 in Polearms
  2502 | D:11     | Reached skill level 6 in Staves
  2502 | D:11     | Reached skill level 6 in Slings
  2502 | D:11     | Reached skill level 6 in Bows
  2502 | D:11     | Reached skill level 6 in Crossbows
  2502 | D:11     | Reached skill level 6 in Throwing
  2502 | D:11     | Reached skill level 6 in Armour
  2502 | D:11     | Reached skill level 6 in Stealth
  2502 | D:11     | Reached skill level 6 in Shields
  2502 | D:11     | Reached skill level 9 in Unarmed Combat
  2502 | D:11     | Reached skill level 6 in Evocations
  2553 | D:12     | Reached skill level 5 in Conjurations
  2553 | D:12     | Reached skill level 5 in Hexes
  2553 | D:12     | Reached skill level 5 in Charms
  2553 | D:12     | Reached skill level 5 in Summonings
  2553 | D:12     | Reached skill level 5 in Necromancy
  2553 | D:12     | Reached skill level 5 in Translocations
  2553 | D:12     | Reached skill level 5 in Fire Magic
  2553 | D:12     | Reached skill level 5 in Ice Magic
  2553 | D:12     | Reached skill level 5 in Air Magic
  2553 | D:12     | Reached skill level 5 in Earth Magic
  2553 | D:12     | Reached skill level 5 in Poison Magic
  2558 | D:12     | Reached **** piety under Cheibriados
  2589 | D:12     | Learned a level 1 spell: Animate Skeleton
  2591 | D:12     | Learned a level 1 spell: Apportation
  2605 | D:12     | Killed an unseen horror
  2605 | D:12     | Reached skill level 8 in Spellcasting
  2709 | D:13     | Found a gate to the Vaults.
  2709 | D:13     | Noticed an orc knight
  2709 | D:13     | Noticed Rupert
  2709 | D:13     | Noticed a centaur warrior
  2709 | D:13     | Noticed a green ugly thing
  2709 | D:13     | Noticed a two-headed ogre
  2840 | D:12     | HP: 4/83 [slime creature (19)]
  2841 | D:12     | Mangled by a slime creature

Skill      XL: |  1  2  3  4  5  6  7  8  9 10 11 |
---------------+----------------------------------+-----
Spellcasting   | 5 6 7 8 |  8.1
Invocations    | 1 2 3 4 5 6 |  6.8
Short Blades   | 1 2 3 4 5 6 |  6.2
Long Blades    | 1 2 3 4 5 6 |  6.2
Axes           | 1 2 3 4 5 6 |  6.2
Maces & Flails | 1 2 3 4 5 6 |  6.2
Polearms       | 1 2 3 4 5 6 |  6.2
Staves         | 1 2 3 4 5 6 |  6.2
Slings         | 1 2 3 4 5 6 |  6.2
Bows           | 1 2 3 4 5 6 |  6.2
Crossbows      | 1 2 3 4 5 6 |  6.2
Throwing       | 1 2 3 4 5 6 |  6.2
Armour         | 1 2 3 4 5 6 |  6.2
Stealth        | 1 2 3 4 5 6 |  6.2
Shields        | 1 2 3 4 5 6 |  6.2
Evocations     | 1 2 3 4 5 6 |  6.2
Conjurations   | 1 2 3 4 5 |  5.1
Hexes          | 1 2 3 4 5 |  5.1
Charms         | 1 2 3 4 5 |  5.1
Summonings     | 1 2 3 4 5 |  5.1
Necromancy     | 1 2 3 4 5 |  5.1
Translocations | 1 2 3 4 5 |  5.1
Fire Magic     | 1 2 3 4 5 |  5.1
Ice Magic      | 1 2 3 4 5 |  5.1
Air Magic      | 1 2 3 4 5 |  5.1
Earth Magic    | 1 2 3 4 5 |  5.1
Poison Magic   | 1 2 3 4 5 |  5.1
Fighting       | 3 4 5 6 |  6.8
Transmutations | 4 5 6 |  6.5
Dodging        | 5 6 7 |  7.8
Unarmed Combat | 7 8 9 |  9.1

Action                   |  1- 3 |  4- 6 |  7- 9 | 10-12 || total
-------------------------+-------+-------+-------+-------++-------
Melee: Unarmed           |    25 |    37 |   187 |   148 ||   397
       Headbutt          |     8 |       |       |     7 ||    15
       Bite              |     6 |     1 |     1 |    13 ||    21
       Kick              |     4 |       |       |       ||     4
       Dagger            |    46 |     5 |    13 |     7 ||    71
       Punch             |     3 |       |     2 |     6 ||    11
       Scimitar          |       |       |       |    15 ||    15
Throw: Stone             |       |       |       |     4 ||     4
 Cast: Beastly Appendage |     9 |       |       |     2 ||    11
       Sticks to Snakes  |     2 |     4 |    17 |    17 ||    40
       Spider Form       |     1 |     6 |    16 |     8 ||    31
       Blade Hands       |       |       |       |     8 ||     8
       Apportation       |       |       |       |     2 ||     2
       Animate Skeleton  |       |       |       |     1 ||     1
Invok: Bend Time         |       |       |       |     1 ||     1
       Slouch            |       |       |       |     1 ||     1
 Abil: End Transformatio |       |       |     2 |     3 ||     5
Evoke: Wand              |       |     1 |     4 |    15 ||    20
  Use: Scroll            |       |     1 |     9 |     4 ||    14
       Potion            |       |       |     6 |     6 ||    12
 Stab: Sleeping          |     1 |     1 |     3 |     1 ||     6
       Distracted        |       |     1 |     5 |     3 ||     9
       Paralysed         |       |     4 |     4 |     7 ||    15
       Invisible         |       |       |       |     3 ||     3
  Eat: Chunk             |       |       |     4 |     2 ||     6
       Ration            |       |       |       |     1 ||     1
Armor: Robe              |     5 |       |     1 |     7 ||    13
       Skin              |       |     1 |    17 |    21 ||    39
Dodge: Dodged            |    41 |    25 |   139 |   108 ||   313
       Rpst.: Scimitar   |       |       |       |     5 ||     5

Table legend:
 A = Turns spent in this place as a percentage of turns spent in the entire game.
 B = Non-inter-level travel turns spent in this place as a percentage of non-inter-level travel turns spent in the entire game.
 C = Inter-level travel turns spent in this place as a percentage of turns spent in this place.
 D = Turns resting spent in this place as a percentage of non-inter-level travel turns spent in this place.
 E = Turns spent auto-exploring this place as a percentage of non-inter-level travel turns spent in this place.
 F = Non-inter-level travel turns spent in this place divided by the number of levels of this place that you've seen.
                   A       B       C       D       E      F
               +-------+-------+-------+-------+-------+----------------------
         Total | 100.0 | 100.0 |   1.5 |   0.0 |   0.0 | 199.9
       Dungeon |  99.0 |  99.3 |   1.2 |   0.0 |   0.0 | 213.7
        Temple |   1.0 |   0.7 |  31.0 |   0.0 |   0.0 |  20.0
               +-------+-------+-------+-------+-------+----------------------

Table legend:
 A = Kills in this place as a percentage of kills in entire the game.
 B = Kills by you in this place as a percentage of kills by you in the entire game.
 C = Kills by friends in this place as a percentage of kills by friends in the entire game.
 D = Other kills in this place as a percentage of other kills in the entire game.
 E = Experience gained in this place as a percentage of experience gained in the entire game.
 F = Experience gained in this place divided by the number of levels of this place that you have seen.
                   A       B       C       D       E      F
               +-------+-------+-------+-------+-------+----------------------
         Total | 100.0 | 100.0 | 100.0 |   N/A | 100.0 | 991.3
       Dungeon | 100.0 | 100.0 | 100.0 |   N/A | 100.0 | 1067.5
               +-------+-------+-------+-------+-------+----------------------

Vault maps used:
D:1:      minmay_arrival_plants_in_alcoves, minivault_11, minmay_tall_x
D:2:      minmay_box_of_dots
D:3:      lemuel_round_altar, serial_aquarium, aquarium_bridge_straight,
          aquarium_bridge_straight, aquarium_window_corridor_3,
          aquarium_window_corner, aquarium_view_2c, aquarium_pool_side,
          okawaru_ov_weapons_minmay
D:5:      lemuel_ratsnest, grunt_temple_overflow_gold_and_silver, first_ration,
          kennysheep_generic_room_10
D:6:      minmay_temple_entry_glassed_door, serial_shops, shop,
          corexii_corridor_pit
D:7:      lemuel_round_altar, makhleb_grotto_becter, uniq_prince_ribbit1,
          uniq_crazy_yiuf_cottage
D:8:      dpeg_oklobed_lair, hangedman_decor_push
D:9:      kennysheep_mini_moat, serial_shops, kennysheep_little_box,
          kennysheep_generic_room_3
D:10:     grunt_livestock, uniq_fannar, uniq_psyche
D:11:     serial_shops, shop
D:12:     erik_orc_4
D:13:     david_vaults_3, minivault_4, bh_hangedman_babel_library
Temple:   lightli_temple_of_artemis
